 Dungeon Crawl Stone Soup version 0.18-a0-844-g9229740 (webtiles) character file.

13 JokEr the Insei (level 2, 0/18 HPs)
             Began as an Octopode Transmuter on Dec 18, 2015.
             Slain by a jackal (2 damage)
             ... on level 1 of the Dungeon.
             The game lasted 00:00:48 (461 turns).

JokEr the Insei (Octopode Transmuter)                Turns: 461, Time: 00:00:49

Health: 0/18       AC:  1    Str:  9    XL:     2   Next: 37%
Magic:  5/5        EV: 12    Int: 15    God:
Gold:   39         SH:  0    Dex: 12    Spells: 1 memorised, 4 levels left

rFire  . . .     SeeInvis .       - Unarmed
rCold  . . .     Gourm    .     (no shield)
rNeg   . . .     Faith    .     (helmet restricted)
rPois  .         Spirit   .     (no amulet)
rElec  .         Dismiss  .     (no ring)
rCorr  .         Reflect  .     (no ring)
SustAt .         Harm     .     (no ring)
MR     .....                    (no ring)
Stlth  ++........               (no ring)
                                (no ring)
                                (no ring)
                                (no ring)

@: appendage (expiring), not resistant to hostile enchantments, unstealthy
A: almost no armour, amphibious, 8 rings, constrict 8, tentacle spike 3,
camouflage 1, gelatinous body 1
a: End Transformation


You were on level 1 of the Dungeon.
You were not hungry.
One of your tentacles had a temporary spike.
You visited 1 branch of the dungeon, and saw 1 of its levels.

You collected 39 gold pieces.

Inventory:

Missiles
 a - 12 arrows
Scrolls
 d - a scroll of remove curse {unknown}
Potions
 e - a potion of mutation {unknown}
Books
 b - a book of Changes

   Spells                             Type                      Level
   a - Beastly Appendage              Transmutation                1
   b - Sticks to Snakes               Transmutation                2
   c - Spider Form                    Transmutation/Poison         3
   d - Ice Form                       Ice/Transmutation            4
   e - Blade Hands                    Transmutation                5
Comestibles
 c - a bread ration


   Skills:
 + Level 1.5 Fighting
 - Level 2.0 Dodging
 + Level 3.2 Unarmed Combat
 - Level 2.0 Spellcasting
 + Level 2.4 Transmutations


You had 4 spell levels left.
You knew the following spells:

 Your Spells              Type           Power        Failure   Level  Hunger
a - Beastly Appendage     Trmt           #.....       12%         1    #......


Dungeon Overview and Level Annotations

Branches:
Dungeon (1/15)

Altars:


Innate Abilities, Weirdness & Mutations

You cannot wear most types of armour.
You are amphibious.
You can wear up to eight rings at the same time.
You can use your tentacles to constrict eight enemies at once.
Your skin changes colour to match your surroundings (Stealth).
Your rubbery body absorbs attacks (AC +1).
One of your tentacles bears a large vicious spike.


Message History

You constrict the jackal. The jackal bites you.
You tentacle-slap the jackal.
You kill the jackal!
The jackal bites you.
You miss the jackal. Your grab misses the jackal.
Your squeeze misses the jackal. The jackal bites you.
* * * LOW HITPOINT WARNING * * *
You tentacle-slap the jackal. Your grab misses the jackal.
Your tentacle spike misses the jackal.
The jackal is lightly wounded.
The jackal completely misses you.
You barely miss the jackal. You grab the jackal.
You pierce the jackal, but do no damage.
The jackal is lightly wounded.
You constrict the jackal. The jackal barely misses you. The jackal bites you.
* * * LOW HITPOINT WARNING * * *
You tentacle-slap the jackal.
The jackal is severely wounded.
You constrict the jackal. The jackal bites you.
You die...

#.....# ### #
###.#.#.######.###.. .#
...................# #.
###.#.#.######.# ..#!.
#...#.# #.# .=#.# #####.#
#.# #.#.# # #.# #.#
#...#.#
#######.######.###.....###
................@hg......h
#######.######.###..######
#.#........#..... #
#.#.####.#.#.(.### #
#.#.#....#†#....# #
#.#.#.####.#..#.# #
#.#.#.# #.#..#.#
#######.#.#.# #>#..#..
........#.#.# #.#


You could see a jackal and a hobgoblin.

Vanquished Creatures
  A giant gecko (D:1)
  5 bats (D:1)
  3 jackals (D:1)
  A ball python (D:1)
  2 goblins (D:1)
  A rat (D:1)
13 creatures vanquished.

Notes
Turn   | Place    | Note
--------------------------------------------------------------
     0 | D:1      | JokEr the Octopode Transmuter began the quest for the Orb.
     0 | D:1      | Reached XP level 1. HP: 13/13 MP: 3/3
    92 | D:1      | Reached XP level 2. HP: 6/18 MP: 3/5
   461 | D:1      | Slain by a jackal

Vault maps used:
D:1:      minmay_arrival_glassed_features

Action                   || total
-------------------------++-------
Melee: Unarmed           ||    39
 Cast: Beastly Appendage ||     6
 Stab: Sleeping          ||     3
